General information
- name: Local Game (Anttichama)
- type: Custom game
- host: Anttichama
- saver: Anttichama
map: Whirlwind
- players: 2
- length: 57:41
- speed: Fast
- version: 1.26 W3XP
- replay type: Public
» download(273 KB)
Players
team 1 (winner)
Anttichama (
red | 21 APM | 1195 actions | 57:41)
10 Priestess of the Moon
3 Trueshot Aura
3 Scout
3 Searing Arrows
1 Starfall
» actions
| Assign group hotkey | 17 | |
| Basic commands | 59 | |
| Build / train | 167 | |
| Enter build submenu | 29 | |
| Enter hero's abilities submenu | 10 | |
| Give item / drop item | 1 | |
| Remove unit from queue | 2 | |
| Right click | 400 | |
| Select / deselect | 359 | |
| Select group hotkey | 84 | |
| Use ability | 67 | |
1195 total
» units
| Wisp | 19 | |
| Archer | 71 | |
| Glaive Thrower | 8 | |
| Hippogryph | 20 | |
| Huntress | 13 | |
| Druid of the Talon | 4 | |
135 total
» upgrades
| Ultravision | 1 | |
| Strength of the Moon | 3 | |
| Improved Bows | 1 | |
| Moon Armor | 3 | |
| Reinforced Hides | 2 | |
| Strength of the Wild | 1 | |
| Vorpal Blades | 1 | |
| Nature's Blessing | 1 | |
| Marksmanship | 1 | |
| Hippogryph Taming | 1 | |
| Upgrade Moon Glaive | 1 | |
16 total
» buildings
| Moon Well | 14 | |
| Ancient of War | 4 | |
| Altar of Elders | 1 | |
| Hunter's Hall | 1 | |
| Ancient Protector | 2 | |
| Tree of Ages | 1 | |
| Tree of Eternity | 1 | |
| Ancient of Wind | 1 | |
| Tree of Life | 2 | |
27 total
» build order
00:21 Moon Well
00:44 Moon Well
01:28 Ancient of War
01:46 Moon Well
02:00 Altar of Elders
02:35 Hunter's Hall
03:57 Ancient Protector
04:06 Ancient Protector
04:37 Tree of Ages
05:47 Ancient of War
06:54 Ancient of War
07:51 Moon Well
11:11 Moon Well
11:17 Tree of Eternity
14:05 Ancient of Wind
16:31 Tree of Life
21:00 Moon Well
21:59 Moon Well
23:20 Moon Well
23:59 Moon Well
24:05 Moon Well
26:42 Moon Well
36:37 Tree of Life
38:25 Moon Well
40:36 Moon Well
41:46 Ancient of War
48:49 Moon Well
» items
team 2 (loser)
HAL9001 (
blue | 54 APM | 3104 actions | 57:02)
8 Blademaster
3 Mirror Image
2 Critical Strike
1 Bladestorm
2 Wind Walk
3 Far Seer
1 Far Sight
2 Chain Lighting
» actions
| Assign group hotkey | 3 | |
| Build / train | 120 | |
| Enter build submenu | 34 | |
| Enter hero's abilities submenu | 11 | |
| Give item / drop item | 3 | |
| Remove unit from queue | 4 | |
| Right click | 1826 | |
| Select / deselect | 974 | |
| Select group hotkey | 10 | |
| Use ability | 115 | |
3104 total
» units
| Peon | 8 | |
| Grunt | 5 | |
| Troll Headhunter/Berserker | 18 | |
| Shaman | 3 | |
| Troll Witch Doctor | 5 | |
| Harpy Rogue | 4 | |
| Centaur Outrunner | 4 | |
| Troll Batrider | 16 | |
| Spirit Walker | 1 | |
| Razormane Medicine Man | 3 | |
| Harpy Windwitch | 4 | |
| Wind Rider | 8 | |
| Kodo Beast | 1 | |
80 total
» upgrades
| Spiked Barricades | 2 | |
| Melee Weapons | 1 | |
| Ranged Weapons | 3 | |
| Shaman Training | 2 | |
| Witch Doctor Training | 2 | |
| Liquid Fire | 1 | |
| Armor | 3 | |
| Envenomed Spears | 1 | |
| Berserker Upgrade | 1 | |
| Reinforced Defenses | 1 | |
17 total
» buildings
| Altar of Storms | 1 | |
| Orc Burrow | 7 | |
| Barracks | 1 | |
| Voodoo Lounge | 1 | |
| War Mill | 2 | |
| Stronghold | 1 | |
| Watch Tower | 7 | |
| Spirit Lodge | 1 | |
| Beastiary | 2 | |
| Great Hall | 1 | |
| Fortress | 1 | |
25 total
» build order
00:19 Altar of Storms
00:24 Orc Burrow
01:11 Barracks
01:55 Orc Burrow
02:29 Voodoo Lounge
04:16 War Mill
04:43 Orc Burrow
05:23 Stronghold
05:41 Watch Tower
07:09 Watch Tower
07:48 Spirit Lodge
09:19 Watch Tower
11:09 Orc Burrow
12:09 Beastiary
13:24 Orc Burrow
15:13 Great Hall
17:42 Fortress
17:51 Watch Tower
19:27 Orc Burrow
31:17 Beastiary
32:49 Orc Burrow
33:54 Watch Tower
35:22 War Mill
53:28 Watch Tower
53:35 Watch Tower
» items
| Scroll of Town Portal | 1 | |
| Healing Salve | 1 | |
| Potion of Healing | 2 | |
4 total
Chat log
(30:05 / All) Anttichama: well
(30:11 / All) Anttichama: AT LEAST IT WAS SOME MUTUAL DESTRUCTION
(30:17 / All) HAL9001: that was a lot of glaive throwers
(46:37 / All) HAL9001: you remember that pig from the last game?
(46:43 / All) Anttichama: pig?
(46:48 / All) HAL9001: yeah
(47:02 / All) Anttichama: Not sure what you are talking about
(47:13 / All) HAL9001: oh yeah basically humans can get a pig that looks like
(47:19 / All) HAL9001: one of those critters on the map
(48:20 / All) HAL9001: not only is it good for spying
(48:27 / All) HAL9001: but archmage can teleport to it
(51:42 / All) Anttichama: THAT
(51:45 / All) Anttichama: was exciting
(51:50 / All) HAL9001: that was really close
(56:18 / All) HAL9001: well shit
(56:19 / All) HAL9001: gg
(56:29 / All) HAL9001: did not see that coming
(56:42 / All) Anttichama: I've got more coming
(56:52 / All) HAL9001: ohhhhhhhhh god
(56:54 / All) HAL9001: yeah I'm dead